 Dungeon Crawl Stone Soup version 0.27-a0-538-g15ff5c5295 (webtiles) character file.

Game seed: 7452739687444647064

394 sahdkjhfkaj the Cleaver (level 6, -1/51 HPs)
             Began as a Hill Orc Berserker on Mar 6, 2021.
             Was a Follower of Trog.
             Slain by an ogre
             ... wielding a +0 giant club
              (26 damage)
             ... on level 4 of the Dungeon.
             The game lasted 00:00:55 (1053 turns).

sahdkjhfkaj the Cleaver (Hill Orc Berserker)        Turns: 1053, Time: 00:00:56

Health: -1/51      AC:  2    Str: 22    XL:     6   Next: 82%
Magic:  6/6        EV: 11    Int:  7    God:    Trog [*.....]
Gold:   17         SH:  0    Dex: 10    Spells: 5/5 levels left

rFire    . . .     SeeInvis .   a - +0 hand axe
rCold    . . .     Faith    .   (no shield)
rNeg     . . .     Spirit   .   b - +0 animal skin
rPois    .         Reflect  .   (no helmet)
rElec    .         Harm     .   (no cloak)
rCorr    .         Rampage  .   (no gloves)
Will     .....                  (no boots)
Stlth    +.........             (no amulet)
HPRegen  0.17/turn              d - ring of flight
MPRegen  0.10/turn              (no ring)

@: berserk cooldown, slowed, very slow
A: no striking features
a: Renounce Religion, Evoke Flight, Berserk


You were on level 4 of the Dungeon.
You worshipped Trog.
Trog was aware of your devotion.
You visited 1 branch of the dungeon, and saw 4 of its levels.

You collected 17 gold pieces.

Inventory:

Hand Weapons
 a - a +0 hand axe (weapon)
Missiles
 e - 2 boomerangs
Armour
 b - a +0 animal skin (worn)
Jewellery
 d - a ring of flight (left hand)
Scrolls
 c - 2 scrolls of identify {unknown}
 f - a scroll of enchant weapon {unknown}
Potions
 g - a potion of brilliance {unknown}


   Skills:
 - Level 3.6 Fighting
 + Level 9.7 Axes
 - Level 2.1 Armour
 - Level 1.5 Dodging


You had 5 spell levels left.
You didn't know any spells.
Your spell library was empty.

Dungeon Overview and Level Annotations

Branches:
Dungeon (4/15)
 Temple: D:4-7

Altars:


Message History

The worker ant is severely wounded.
You feel sick.
You slash the worker ant!
You kill the worker ant!
Trog accepts your kill.
You feel sick.
You feel a strong urge to attack something.
You feel your anger nearly subside.
You are no longer berserk.
You are exhausted.
You feel yourself slow down.
You feel sick.
Found a silvery potion.
You feel sick.
You feel sick.
You feel sick.
g - a silvery potion You feel sick.
Found 12 arrows.
A leopard gecko comes into view.
You feel sick.
The leopard gecko hisses angrily.
The leopard gecko bites you.
Found a scroll labelled BYEGOS QEBY.
You slash the leopard gecko!
You kill the leopard gecko!
Trog accepts your kill.
You feel sick.
You see here a leopard gecko corpse.
You feel sick.
You feel sick.
You are no longer poisoned.
Found a spear and a viscous ruby potion.
c - 2 scrolls labelled BYEGOS QEBY (gained 1)
Found 3 javelins.
An ogre comes into view. It is wielding a +0 giant club.
The ogre shouts!
You see here a viscous ruby potion.
The ogre hits you with a +0 giant club!!
The ogre hits you with a +0 giant club!!
Ouch! That really hurt!
You die...

#. #. ##. ## #... .# ..
#...# .. ..# #..#.##.#
..# #(.##.#.#
...#..@O.#.# #.#.....!.#
#..##....# ##...#.#.#
###..##.#...
#.....).....#
#.##..#.##..# ########
#.###.......#
.......#####.###....#..#


You could see an ogre.

Vanquished Creatures
  Grinder (D:4)
  Sigmund (D:2)
  A worker ant (D:4)
  An adder (D:2)
  A leopard gecko (D:4)
  2 giant cockroaches
  A hobgoblin (D:2)
  4 kobolds
  2 frilled lizards (D:2)
  A rat (D:2)
15 creatures vanquished.

Notes
Turn   | Place    | Note
-------+----------+-------------------------------------------
     0 | D:1      | sahdkjhfkaj the Hill Orc Berserker began the quest for the
                  | Orb.
     0 | D:1      | Reached XP level 1. HP: 19/19 MP: 1/1
   323 | D:2      | Reached XP level 2. HP: 26/26 MP: 2/2
   326 | D:2      | Reached skill level 5 in Axes
   629 | D:2      | Noticed Sigmund
   641 | D:2      | Killed Sigmund
   642 | D:2      | Reached skill level 8 in Axes
   642 | D:2      | Reached XP level 3. HP: 22/31 MP: 3/3
   642 | D:2      | Reached XP level 4. HP: 27/39 MP: 4/4
   642 | D:2      | Reached XP level 5. HP: 32/45 MP: 5/5
   863 | D:4      | Noticed Grinder
   879 | D:4      | Killed Grinder
   880 | D:4      | Reached skill level 9 in Axes
   880 | D:4      | Reached XP level 6. HP: 43/51 MP: 6/6
  1053 | D:4      | Slain by an ogre

Illustrated notes

Levels and vault maps discovered:
D:1:      lemuel_arrival_hallway, layout_basic
D:2:      layout_rooms, minmay_divided_ellipse, uniq_sigmund
D:3:      layout_rooms, chequers_ecumenical_altar_simple, skrybe_limestone_x
D:4:      layout_loops_ring, item_on_display_a, uniq_natasha,
          uniq_crazy_yiuf_cottage, uniq_grinder

Skill      XL: |  1  2  3  4  5 |
---------------+----------------+-----
Axes           | 8 9 |  9.7
Fighting       | |  3.6
Armour         | |  2.1
Dodging        | |  1.5

Action                   |  1- 3 |  4- 6 || total
-------------------------+-------+-------++-------
Melee: Hand axe          |    37 |    34 ||    71
Invok: Berserk           |     2 |     2 ||     4
Armor: Animal skin       |     6 |     3 ||     9
Dodge: Dodged            |    15 |     9 ||    24

Table legend: (Time is in decaauts)
 A = Elapsed time spent in this place.
 B = Non-inter-level travel time spent in this place.
 C = Inter-level travel time spent in this place.
 D = Time resting spent in this place.
 E = Time spent auto-exploring this place.
 F = Levels seen in this place.
 G = Mean time per level.
                   A        B        C        D        E       F      G
               +--------+--------+--------+--------+--------+-----+--------+
         Total |   1081 |   1081 |      0 |    275 |    599 |   4 |  270.2 |
       Dungeon |   1081 |   1081 |      0 |    275 |    599 |   4 |  270.2 |
               +--------+--------+--------+--------+--------+-----+--------+

Top non-repeatable levels by time:
     D:2: 690 daAuts
     D:4: 205 daAuts
     D:1: 168 daAuts
     D:3: 16 daAuts
